Cogmind - Beta 17 @@@ ROGUE MODE // 2026.06.26 @ 16:50:27 Player: teag2 Result: Destroyed by H-77 Assassin with High-powered Shotgun Performance ------------- Evolutions (6) 3000 Regions Visited (16) 3200 Robots Destroyed (190) 950 Value Destroyed (8411) 8411 Prototype IDs (33) 660 Alien Tech Used (0) 0 Bonus (3401) 3401 TOTAL SCORE: 19622 Bonus ------- High Alert Combat Kills 271 Follower Combat Kills 730 Entered Garrisons 600 Used RIF Installer 1500 Aligned with FarCom 300 Cogmind --------- Core Integrity 0/1150 Matter 300/300 Energy 99/100 System Corruption 7% Temperature Cool (0) Movement Core (50) Location -4/Factory Parts ------- > --- POWER (2) -------- (None) > --- PROPULSION (6) --- (None) > --- UTILITY (8) ------ Improved Utility Shielding Hacking Suite Relay Coupler [NC] (24) > --- WEAPON (3) ------- (None) > --- INVENTORY (5) ---- Reinforced Deuterium Engine Myomer Leg Matter Compressor (29) Mass Driver Improved Remote Datajack Peak State ------------ > --- POWER ------------ Light Nuclear Core Light Nuclear Core > --- PROPULSION ------- Improved Medium Treads Carbon-fiber Leg Carbon-fiber Leg Carbon-fiber Leg Armored Leg > --- UTILITY ---------- Improved Heat Sink Advanced Heat Sink Large Storage Unit Advanced Targeting Computer Hardened Medium Armor Plating Hacking Suite Relay Coupler [Brawler] > --- WEAPON ----------- Tesla Rifle Gatling Laser Heavy Plasma Cannon > --- INVENTORY -------- Improved Deuterium Engine Reinforced Deuterium Engine Carbon-fiber Leg Carbon-fiber Leg Carbon-fiber Leg Improved Carbon-fiber Leg Matter Compressor Improved Utility Shielding Hacking Suite Relay Coupler [NC] Relay Coupler [Demolisher] System Restoration Module Long-range Missile Launcher Improved Remote Datajack [Rating: 66] Favorites ----------- Power Improved Deuterium Engine Engine Improved Deuterium Engine Power Core Light Nuclear Core Propulsion Carbon-fiber Leg Treads Light Treads Leg Carbon-fiber Leg Wheel Wheel Hover Unit Improved Linear Gravjet Flight Unit VTOL Module Utility Large Storage Unit Device Improved Heat Sink Storage Large Storage Unit Processor Advanced Targeting Computer Hackware Hacking Suite Protection Improved Light Armor Plating Weapon Heavy Laser Energy Gun Heavy Laser Energy Cannon Heavy Plasma Cannon Ballistic Gun Assault Rifle Ballistic Cannon Heavy Flak Cannon Launcher Heavy Rocket Launcher Special Weapon Remote Datajack Impact Weapon Heavy Flail Slashing Weapon Great Axe Special Melee Weapon Datajack Build | -11 -10 -10 -10 -9 -8 -8 -7 -7 -7 -6 -6 -6 -6 -5 -5 -4 ------- Run | Yrd Mat Min Exi Min Mat Gar Fac Low Low Fac Gar Fac Gar Fac Ext Fac Slots Evolved 12 | . . . . . 4 . 2 . . 2 . . . 2 . 2 Power 1 | . . . . . . . 1 . . . . . . . . . Propulsion 4 | . . . . . 2 . . . . . . . . 1 . 1 Utility 6 | . . . . . 2 . 1 . . 2 . . . . . 1 Weapon 1 | . . . . . . . . . . . . . . 1 . . Parts Attached 189 | 6 6 6 . 3 22 8 35 2 . 26 16 10 27 14 1 7 Power 26 | 1 . 1 . 1 2 1 3 1 . 4 3 1 5 2 . 1 Engine 18 | 1 . 1 . 1 1 1 3 . . 3 3 . 3 1 . . Core 8 | . . . . . 1 . . 1 . 1 . 1 2 1 . 1 Reactor . | . . . . . . . . . . . . . . . . . Propulsion 58 | 2 2 2 . . 8 3 13 . . 8 3 3 8 2 1 3 Treads 23 | 2 2 1 . . 7 1 4 . . 1 . . 4 1 . . Leg 28 | . . . . . 1 2 4 . . 7 3 3 4 1 1 2 Wheel 4 | . . 1 . . . . 3 . . . . . . . . . Hover 1 | . . . . . . . . . . . . . . . . 1 Flight 2 | . . . . . . . 2 . . . . . . . . . Utility 61 | 1 3 . . 1 5 4 9 . . 11 7 2 11 6 . 1 Device 18 | . 1 . . 1 . . 4 . . 6 1 . 2 3 . . Storage 6 | 1 2 . . . 1 . . . . 1 . . . . . 1 Processor 3 | . . . . . 1 1 . . . 1 . . . . . . Hackware 18 | . . . . . . . 1 . . 2 5 2 6 2 . . Protection 16 | . . . . . 3 3 4 . . 1 1 . 3 1 . . Artifact . | . . . . . . . . . . . . . . . . . Weapon 44 | 2 1 3 . 1 7 . 10 1 . 3 3 4 3 4 . 2 Energy Gun 17 | . . . . . 3 . 4 . . 2 1 3 2 2 . . Energy Cannon 4 | . . . . 1 . . 1 . . . . . 1 . . 1 Ballistic Gun 7 | 2 1 1 . . 1 . 2 . . . . . . . . . Ballistic Cannon 3 | . . 1 . . . . . . . 1 . . . . . 1 Launcher 6 | . . 1 . . 2 . . 1 . . 1 . . 1 . . Special Weapon 4 | . . . . . . . 1 . . . 1 1 . 1 . . Impact Weapon 1 | . . . . . 1 . . . . . . . . . . . Slashing Weapon 1 | . . . . . . . 1 . . . . . . . . . Piercing Weapon . | . . . . . . . . . . . . . . . . . Special Melee Weapon 1 | . . . . . . . 1 . . . . . . . . . Unidentified Prototypes 5 | . . . . . 3 . 1 . . . . 1 . . . . Parts Lost 113 | . . 8 . 1 10 10 20 . 1 12 9 3 11 17 7 4 Power 21 | . . 1 . 1 2 1 4 . 1 1 3 1 2 2 1 1 Propulsion 39 | . . 2 . . 5 3 9 . . 5 2 1 2 3 5 2 Utility 30 | . . 1 . . 2 3 3 . . 5 3 . 5 6 1 1 Weapon 23 | . . 4 . . 1 3 4 . . 1 1 1 2 6 . . Highest Loss Streak 13 | . . 6 . 1 5 4 8 . 1 6 8 1 6 13 7 2 To Critical Strikes 2 | . . . . . . . . . . . . . 2 . . . Average Backups 12 | 1 11 12 11 12 11 11 13 14 15 14 14 14 14 12 5 4 Power . | . 2 2 2 1 1 1 . . . . . . 1 1 1 . Propulsion 1 | . 3 3 2 2 . . . . 1 . 1 2 3 3 . . Utility 8 | . 2 6 6 7 7 9 10 10 10 10 10 8 7 6 4 2 Weapon 1 | . 2 1 1 2 2 . 2 2 1 2 1 1 1 . . . Tool/Special . | . . . . . . . . . . . . . . . . . Unused Backups 22 | . 3 . . . 2 . 3 . . 5 4 . 4 . . 1 Power 3 | . 1 . . . . . . . . 1 . . 1 . . . Propulsion 6 | . 2 . . . 1 . . . . 1 . . 2 . . . Utility 12 | . . . . . 1 . 3 . . 2 4 . 1 . . 1 Weapon 1 | . . . . . . . . . . 1 . . . . . . Tool/Special . | . . . . . . . . . . . . . . . . . Average Slot Usage (%) 89 | . 98 88 85 100 89 93 88 75 83 91 89 97 97 89 75 30 Engine 8 | . 14 13 14 14 8 8 9 . . 9 7 8 10 4 10 1 Core 1 | . . . . . . . . 3 6 . . 3 1 5 . 2 Treads 10 | . 28 22 14 14 28 26 10 7 7 2 . . 8 4 5 . Leg 13 | . . . . . 1 9 8 7 7 19 24 25 16 22 22 3 Wheel 2 | . . 5 14 14 1 . 2 15 15 1 . . . . . . Device 7 | . 12 7 . 14 2 . 6 7 7 11 7 13 6 6 4 . Storage 7 | . 14 14 14 14 9 9 7 7 7 6 6 6 6 5 4 . Processor 6 | . . . . . 4 2 7 7 7 13 10 6 6 3 . . Hackware 5 | . . . . . . . . . . 5 11 17 15 11 17 14 Protection 7 | . . . . . 15 22 14 7 7 5 4 . 8 7 . 3 Energy Gun 4 | . . . . . 6 . 6 7 5 5 3 7 9 3 . . Energy Cannon 1 | . . . . 13 1 1 3 . . . . . 1 3 . . Ballistic Gun 4 | . 28 16 14 14 7 9 2 . . . . . . . . . Launcher 1 | . . 4 . . . 2 . 3 7 3 1 . . . . . Peak Build Rating 66 | 6 8 9 8 19 27 34 39 32 33 64 62 59 60 66 48 54 Average Rating 38 | 5 7 7 7 18 21 25 33 28 32 53 51 55 54 57 47 22 On Entrance 28 | . 6 8 7 8 19 27 25 25 32 30 62 56 55 55 48 23 Avg Prop Armor Cover (%) 10 | . . 13 12 12 12 7 12 13 12 8 . . 4 6 8 7 Naked Turns . | . . . . . . . . . . . . . . . . . Heaviest Build 67 | 13 31 32 29 37 37 47 58 39 40 66 58 60 67 66 50 41 Greatest Support 110 | 40 40 40 10 10 85 85 42 20 20 66 66 61 110 61 63 43 Greatest Overweight (x) 10 | . . 2 2 3 3 . 10 1 1 1 . 1 1 1 1 2 Average Overweight (x) . | . . 1 2 3 . . 2 1 1 . . . . . . . Largest Inventory Capacity 15 | 8 15 15 15 15 15 15 15 15 15 15 15 15 15 15 15 5 Average Capacity 14 | 7 13 15 15 15 15 15 15 15 15 15 15 15 15 15 14 5 Most Carried 15 | 3 15 15 14 14 15 15 15 15 15 15 15 15 15 15 6 5 Average Carried 13 | 1 11 12 11 12 12 12 14 14 14 14 14 14 14 12 5 4 Final Capacity 15 | 8 15 15 15 15 15 15 15 15 15 15 15 15 15 15 5 5 Final Carried 15 | 2 15 11 14 14 15 13 15 15 15 15 13 15 15 6 5 5 Class Distribution -------------------- 53% | Scavenger-Mutant 28% | Mutant 6% | Bothacker-Mutant 4% | Scavenger-Tank Dominant Class ---------------- Mutant | -10/Materials Mutant | -10/Mines Mutant | -10/Exiles Mutant | -9/Mines Mutant | -8/Materials Scavenger-Mutant | -8/Garrison Scavenger-Mutant | -7/Factory Scavenger-Mutant | -7/Lower Caves Scavenger-Mutant | -7/Lower Caves Scavenger-Mutant | -6/Factory Bothacker-Mutant | -6/Garrison Bothacker-Mutant | -6/Factory Scavenger-Mutant | -6/Garrison Scavenger-Tank | -5/Factory Scavenger-Mutant | -5/Extension Hacker-Mutant | -4/Factory Resources | -11 -10 -10 -10 -9 -8 -8 -7 -7 -7 -6 -6 -6 -6 -5 -5 -4 ----------- Run | Yrd Mat Min Exi Min Mat Gar Fac Low Low Fac Gar Fac Gar Fac Ext Fac Matter Collected 4920 | 240 348 222 64 20 666 405 528 48 69 948 481 267 474 107 32 1 Remotely . | . . . . . . . . . . . . . . . . . Salvage Created 7198 | . 501 214 . . 1265 875 1075 40 37 872 377 254 682 1006 . . Parts 338 | . 37 13 . . 65 40 55 8 . 26 14 14 37 29 . . Haulers Intercepted 2 | . . . . . 2 . . . . . . . . . . . Recyclers Shooed 5 | . 1 . . . . . . . . . . 1 . 3 . . Parts Field Recycled . | . . . . . . . . . . . . . . . . . Retrieved Matter . | . . . . . . . . . . . . . . . . . Parts Self-Destructed 7 | . . . . . . . . 7 . . . . . . . . Prevented . | . . . . . . . . . . . . . . . . . Parts Restored . | . . . . . . . . . . . . . . . . . Kills | -11 -10 -10 -10 -9 -8 -8 -7 -7 -7 -6 -6 -6 -6 -5 -5 -4 ------- Run | Yrd Mat Min Exi Min Mat Gar Fac Low Low Fac Gar Fac Gar Fac Ext Fac Combat Hostiles Destroyed 166 | . 15 16 . . 21 23 22 3 4 23 7 5 16 11 . . Melee 9 | . . . . . . . . . . 6 3 . . . . . Guns 75 | . 15 . . . 10 8 16 . . 4 1 5 14 2 . . Cannons 19 | . . . . . 2 . 2 . . 7 . . 1 7 . . AOE 53 | . . 16 . . 8 14 1 3 4 5 2 . . . . . Classes Destroyed 17 | . 4 3 . . 5 . 2 . . 1 1 . 1 . . . Worker 9 | . . 1 . . 4 . 1 . . . . . . 3 . . Builder 5 | . . . . . 2 . 1 . . 2 . . . . . . Tunneler 1 | . . . . . . . 1 . . . . . . . . . Hauler 2 | . . . . . 2 . . . . . . . . . . . Recycler 7 | . . . . . 2 . 2 . . . . . . 3 . . Mechanic 2 | . . 1 . . 1 . . . . . . . . . . . Operator 4 | . 1 . . . 1 . 1 . . . . . . 1 . . Watcher 5 | . 2 . . . 1 . 1 . . 1 . . . . . . Swarmer 35 | . 6 . . . 3 7 6 3 4 . . . 6 . . . Grunt 75 | . 9 4 . . 13 16 7 . . 13 4 3 3 3 . . Brawler 3 | . . . . . 2 . 1 . . . . . . . . . Duelist 3 | . . . . . . . . . . . . . 2 1 . . Sentry 15 | . . . . . 3 . 5 . . 1 . . 3 3 . . Hunter 6 | . . . . . . . . . . 4 1 1 . . . . Programmer 17 | . . . . . . . 3 . . 5 1 1 3 4 . . Behemoth 1 | . . . . . . . . . . . 1 . . . . . Assembled 12 | . . 12 . . . . . . . . . . . . . . Best Kill Streak 16 | . 5 12 . . 16 12 4 3 4 4 2 4 4 4 . . Combat Bots Only 12 | . 5 12 . . 8 12 3 3 4 4 2 4 4 2 . . Max Kills in Single Turn 5 | . 2 3 . . 5 4 2 3 2 2 1 1 1 2 . . Gunslinging 1 | . 1 . . . . . . . . . . . . . . . Exploded 4 | . . 3 . . 3 4 1 3 2 1 1 . . . . . Melee 1 | . . . . . . . . . . 1 1 . . . . . Uniques/NPCs Destroyed . | . . . . . . . . . . . . . . . . . Combat | -11 -10 -10 -10 -9 -8 -8 -7 -7 -7 -6 -6 -6 -6 -5 -5 -4 -------- Run | Yrd Mat Min Exi Min Mat Gar Fac Low Low Fac Gar Fac Gar Fac Ext Fac Hostile Shots Fired 1545 | . 63 56 . . 145 111 333 6 8 208 96 40 230 76 53 120 Missed 474 | . 12 19 . . 46 29 117 . 2 51 31 15 67 24 25 36 Hits 1071 | . 51 37 . . 99 82 216 6 6 157 65 25 163 52 28 84 Melee 55 | . . 4 . . . . 12 . . . . . 12 1 . 26 Projectile 1016 | . 51 33 . . 99 82 204 6 6 157 65 25 151 51 28 58 AOE 1 | . . . . . . . . . . . . . 1 . . . Critical Strikes 54 | . . . . . 11 3 7 . . 5 5 . 4 4 1 14 Actively Blocked 3 | . . . . . 1 . . . . . 1 . . . . 1 Part Disruptions 7 | . . . . . . . . . . . . . . . . 7 Damage Taken 16770 | . 543 627 . 60 1434 1468 2784 119 94 1890 1146 288 2222 1623 697 1775 Core 3338 | . 114 52 . . 224 94 486 70 30 189 280 31 302 180 122 1164 Absorbed by Shields 812 | . . . . . . . . . . 606 . 112 94 . . . Redirected to Shielding 222 | . . . . . 45 19 58 . . . 19 . 59 . . 22 Ignored by Resistances 64 | . . . . . . . . . . . 64 . . . . . Regen/Repaired (Parts) 148 | . . . . . . . . . . . . . . 148 . . Core Remaining (%) 44 | 100 . . . 33 . 42 . . 16 . . . 5 . 69 . Volleys Fired 523 | . 43 17 . . 75 45 68 1 6 77 32 30 73 44 3 9 Largest 3 | . 2 2 . . 2 2 2 1 1 2 2 2 2 3 1 2 Hottest 235 | . 40 40 . . 89 88 160 39 39 138 138 138 170 235 7 152 Shots Fired 825 | . 86 24 . 1 114 48 133 1 6 100 42 39 132 81 3 15 Gun 575 | . 86 12 . . 93 34 98 . . 40 25 26 122 39 . . Cannon 155 | . . . . 1 16 5 35 . . 44 . . 4 35 . 15 Launcher 59 | . . 12 . . 5 9 . 1 6 16 5 . . 5 . . Special 36 | . . . . . . . . . . . 12 13 6 2 3 . Kinetic 290 | . 86 12 . . 76 34 30 . . 44 . . . . . 8 Thermal 425 | . . . . . 27 . 102 . . 40 25 26 126 72 . 7 Explosive 59 | . . 12 . . 5 9 . 1 6 16 5 . . 5 . . Electromagnetic 15 | . . . . 1 6 5 1 . . . . . . 2 . . Robot Hit Streak 46 | . 6 5 . . 10 7 26 1 2 46 15 8 22 25 5 3 Robot Miss Streak 8 | . 3 2 . . 6 7 8 . 2 3 2 4 3 4 1 2 Penetration Max . | . . . . . . . . . . . . . . . . . Secondary Targets 11 | . 2 . . . 2 . . . . . 1 . 6 . . . Max Gunslinging Chain 1 | . 1 . . . 1 . . . . . 1 . 1 . . . Shots Hit Robots 647 | . 50 13 . . 79 38 109 1 2 107 39 28 100 72 2 7 Core Hits 527 | . 28 37 . . 79 77 94 4 5 92 15 6 35 50 . 5 Critical Kills . | . . . . . . . . . . . . . . . . . Critical Parts Destroyed . | . . . . . . . . . . . . . . . . . Critical Strikes 12 | . . . . . 2 . 1 . . 4 2 1 2 . . . Burn 8 | . . . . . 2 . . . . 3 . 1 2 . . . Sever 4 | . . . . . . . 1 . . 1 2 . . . . . Melee Attacks 57 | . . . . . . . 6 . . 33 18 . . . . . Impact . | . . . . . . . . . . . . . . . . . Slashing 55 | . . . . . . . 4 . . 33 18 . . . . . Piercing . | . . . . . . . . . . . . . . . . . Sneak Attacks 2 | . . . . . . . 2 . . . . . . . . . Combat Hostiles . | . . . . . . . . . . . . . . . . . Follow-up Attacks . | . . . . . . . . . . . . . . . . . Damage Inflicted 20882 | . 688 1152 . . 2777 2438 3001 199 456 3906 969 329 2147 2529 . 291 Guns 8492 | . 688 97 . . 864 504 2030 . . 728 325 329 1858 1069 . . Cannons 3139 | . . . . . 145 18 548 . . 1175 . . 32 981 . 240 Explosions 7869 | . . 1055 . . 1763 1916 340 199 456 1147 290 . 257 446 . . Melee 1250 | . . . . . . . 58 . . 838 354 . . . . . Ramming 132 | . . . . . 5 . 25 . . 18 . . . 33 . 51 Kinetic 3723 | . 688 97 . . 643 504 449 . . 1175 . . . . . 167 Thermal 7849 | . . . . . 340 . 2129 . . 728 325 329 1890 2035 . 73 Explosive 5567 | . . 1055 . . 498 948 340 199 456 1078 290 . 257 446 . . Electromagnetic 2361 | . . . . . 1291 986 . . . 69 . . . 15 . . Impact . | . . . . . . . . . . . . . . . . . Slashing 1250 | . . . . . . . 58 . . 838 354 . . . . . Piercing . | . . . . . . . . . . . . . . . . . Highest Corruption 26 | . . 6 6 9 16 26 7 7 7 2 6 6 16 4 . 7 Average Corruption 7 | . . 5 6 8 14 22 2 7 7 1 5 6 8 1 . 4 Corruption Purged 4 | . . . . . . . . . . . . . . 4 . . Corruption Blocked . | . . . . . . . . . . . . . . . . . Effects 262 | . . 6 10 8 41 44 19 8 12 19 20 21 41 10 . 3 Message Errors 60 | . . 1 2 4 6 15 5 1 2 3 5 2 11 2 . 1 Matter Fused 57 | . . . 4 1 6 10 5 4 4 5 3 6 6 2 . 1 Heat Flow Errors 35 | . . 2 2 1 4 4 1 . 3 1 6 4 5 2 . . Energy Discharges 34 | . . . 1 1 6 6 2 . 1 4 1 4 6 1 . 1 Parts Rejected 2 | . . . . . 1 . 1 . . . . . . . . . Parts Fused 4 | . . . . . 1 . . . . . . . 2 1 . . Data Loss (minor) 32 | . . . . . 8 4 2 2 . 3 2 3 6 2 . . Data Loss (major) 11 | . . 1 1 . 1 1 1 1 . 2 2 . 1 . . . Misfires 19 | . . 2 . 1 5 2 1 . 1 1 1 1 4 . . . Alerts 3 | . . . . . . 1 1 . . . . 1 . . . . Weapon Failures 5 | . . . . . 3 1 . . 1 . . . . . . . Overload Shots . | . . . . . . . . . . . . . . . . . Overflow Damage 265 | . . 6 . 12 11 120 42 . 13 47 . . . 14 . . Projectiles 18 | . . . . . 4 . 1 . . . . . . 13 . . Explosions 230 | . . 6 . 12 7 120 41 . 13 30 . . . 1 . . Melee 17 | . . . . . . . . . . 17 . . . . . . Knockbacks 48 | . . . . . . . . . . 43 . . . 1 . 4 Impact 2 | . . . . . . . . . . . . . . 1 . 1 Kinetic 42 | . . . . . . . . . . 39 . . . . . 3 Secondary 4 | . . . . . . . . . . 4 . . . . . . Self-Inflicted Damage 560 | . . 115 . 60 . 154 12 36 . 26 . . 118 22 . 17 Shots 13 | . . 4 . 1 . 4 . 1 . 1 . . 1 1 . . Rammed 13 | . . . . . . . 2 . . . . . . . . 11 Targets Rammed 27 | . . . . . 1 . 2 . . 3 . . . 3 . 18 Kicked 13 | . . . . . . . . . . 3 . . . 3 . 7 Crushed 1 | . . . . . 1 . . . . . . . . . . . Highest Temperature 443 | . 2 220 265 94 243 248 247 . 253 337 372 443 365 343 . 201 Average Temperature 91 | . 2 56 121 60 93 62 26 . 117 127 146 99 108 106 . 90 Received Heat Transfer 4186 | . 186 170 . . 927 603 708 . . 531 372 48 272 171 126 72 Effects 8 | . . . . . . . . . . 5 . 1 1 1 . . Shutdowns 1 | . . . . . . . . . . . . 1 . . . . Energy Bleed 1 | . . . . . . . . . . . . . . 1 . . Interference 5 | . . . . . . . . . . 5 . . . . . . Matter Decay 1 | . . . . . . . . . . . . . 1 . . . Siege Activations . | . . . . . . . . . . . . . . . . . Martial Activations . | . . . . . . . . . . . . . . . . . Shielding Activations . | . . . . . . . . . . . . . . . . . Robots Disrupted . | . . . . . . . . . . . . . . . . . Combat Hostiles . | . . . . . . . . . . . . . . . . . Robots Corrupted 4 | . . . . . 1 3 . . . . . . . . . . Combat Hostiles 2 | . . . . . 1 1 . . . . . . . . . . Parts Fried 7 | . . . . . 2 5 . . . . . . . . . . Impact Corruptions . | . . . . . . . . . . . . . . . . . Robots Melted 8 | . . . . . . . 3 . . 1 1 . 1 2 . . Combat Hostiles 8 | . . . . . . . 3 . . 1 1 . 1 2 . . Parts Melted 37 | . . . . . 1 . 11 . . 4 2 1 2 16 . . Heat Transferred 15347 | . . . . . 777 . 4525 . . 1517 592 703 3434 3725 . 74 Parts Sabotaged 4 | . . . . . . . . . . . . . 4 . . . Parts Stolen . | . . . . . . . . . . . . . . . . . Parts Stripped . | . . . . . . . . . . . . . . . . . Power Chain Reactions . | . . . . . . . . . . . . . . . . . Latent Energy Used 1347 | . . . . 155 675 517 . . . . . . . . . . LE Corruption 25 | . . . . 3 12 10 . . . . . . . . . . Alert | -11 -10 -10 -10 -9 -8 -8 -7 -7 -7 -6 -6 -6 -6 -5 -5 -4 ------- Run | Yrd Mat Min Exi Min Mat Gar Fac Low Low Fac Gar Fac Gar Fac Ext Fac Maximum Alert Level 3 | . . . . . 2 3 2 . . 1 1 1 3 1 . . Low Security (%) 55 | 100 100 100 . 100 18 18 . . . 96 57 97 22 4 100 100 Level 1 34 | . . . . . 75 8 86 . . 3 42 2 41 95 . . Level 2 9 | . . . . . 5 63 12 . . . . . 33 . . . Level 3 . | . . . . . . 9 . . . . . . 2 . . . Level 4 . | . . . . . . . . . . . . . . . . . Level 5 . | . . . . . . . . . . . . . . . . . High Security . | . . . . . . . . . . . . . . . . . Max Security . | . . . . . . . . . . . . . . . . . Peak Influence 748 | . 114 98 . 4 410 702 557 . . 248 398 208 748 392 91 45 Initial 392 | . . 1 . . . 205 368 . . 93 121 208 78 392 91 . Average 209 | . 43 25 . . 298 494 337 . . 105 215 91 364 297 24 4 Influence Increases 6314 | . 421 201 . 14 848 597 1039 70 90 828 407 244 880 475 60 140 Destroy 0b10 Robot/C 3540 | . 300 120 . . 420 460 620 60 80 460 180 160 460 220 . . Destroy 0b10 Robot/NC 185 | . 15 10 . . 65 10 35 . . 15 . 5 . 30 . . Destroy Leader 634 | . 64 20 . . 96 20 122 10 10 132 20 40 40 60 . . Allied During Kill 102 | . . 3 . . 10 . 35 . . . 3 24 25 2 . . Successful Hack 245 | . 41 . . . 37 . 33 . . 73 . . . 51 . 10 Disable Machine 315 | . . 15 . . 90 . 150 . . 30 . 15 . . . 15 Anti-Garrison Action 400 | . . . . . . 50 . . . . 100 . 250 . . . Destroy Structure 518 | . 1 33 . 14 130 42 29 . . 103 29 . 45 82 . 10 Partial Spotted 15 | . . . . . . . . . . 15 . . . . . . Lose Combat Pursuer 360 | . . . . . . 15 15 . . . 75 . 60 30 60 105 Influence Decreases 6287 | . 416 206 . 14 532 211 1184 307 261 803 183 530 244 1036 247 113 Entered New Map 1502 | . . 4 . . . 111 334 207 61 56 53 190 34 356 96 . Time Decay 3293 | . 416 114 . 4 392 . 630 100 190 467 . 290 . 490 116 84 Lost Part 1072 | . . 68 . 10 100 100 200 . 10 120 90 30 110 170 35 29 Lost Ally 270 | . . 20 . . 40 . 20 . . 10 40 20 100 20 . . Purge Threat 150 | . . . . . . . . . . 150 . . . . . . Squads Dispatched 51 | . 2 1 . . 4 . 15 . . 17 . 4 . 3 . 5 Investigation 15 | . 1 . . . 2 . 4 . . 5 . 1 . . . 2 Extermination 13 | . . . . . . . 4 . . 5 . 1 . 2 . 1 Reinforcement 13 | . 1 . . . 2 . 4 . . 2 . 1 . 1 . 2 Assault 1 | . . 1 . . . . . . . . . . . . . . Garrison 9 | . . . . . . . 3 . . 5 . 1 . . . . Intercept . | . . . . . . . . . . . . . . . . . Searches Triggered . | . . . . . . . . . . . . . . . . . Construction Impeded 4 | . . . . . 2 . . . . 2 . . . . . . Haulers Reinforced 1 | . . . . . . . . . . . . 1 . . . . Active Scanning Responses . | . . . . . . . . . . . . . . . . . Cargo Convoy Interrupts . | . . . . . . . . . . . . . . . . . Stealth | -11 -10 -10 -10 -9 -8 -8 -7 -7 -7 -6 -6 -6 -6 -5 -5 -4 --------- Run | Yrd Mat Min Exi Min Mat Gar Fac Low Low Fac Gar Fac Gar Fac Ext Fac Distress Signals 12 | . 3 . . . 4 . . . . . . 1 . 1 3 . Communications Jammed . | . . . . . . . . . . . . . . . . . Distress Signals . | . . . . . . . . . . . . . . . . . Times Spotted 293 | . 31 21 . . 29 24 42 3 2 34 16 13 29 17 10 22 Peak Tracking Total 11 | . 6 10 . . 6 9 5 3 2 4 4 3 5 4 5 11 Tactical Retreats 24 | . 4 2 . . . 1 1 . . . 4 . 3 2 2 5 ECM-based Alert Blocks 7 | . 6 1 . . . . . . . . . . . . . . Traps | -11 -10 -10 -10 -9 -8 -8 -7 -7 -7 -6 -6 -6 -6 -5 -5 -4 ------- Run | Yrd Mat Min Exi Min Mat Gar Fac Low Low Fac Gar Fac Gar Fac Ext Fac Traps Triggered 15 | . 1 . . . 1 3 5 . . 1 . . 1 3 . . Indirectly . | . . . . . . . . . . . . . . . . . Trap Hack Attempts . | . . . . . . . . . . . . . . . . . Triggered . | . . . . . . . . . . . . . . . . . Disarmed . | . . . . . . . . . . . . . . . . . Reprogrammed . | . . . . . . . . . . . . . . . . . Reused . | . . . . . . . . . . . . . . . . . Traps Extracted . | . . . . . . . . . . . . . . . . . Installed . | . . . . . . . . . . . . . . . . . Triggered . | . . . . . . . . . . . . . . . . . Most Traps Carried 1 | . . . . 1 1 1 1 . . . . . . . . . Machines | -11 -10 -10 -10 -9 -8 -8 -7 -7 -7 -6 -6 -6 -6 -5 -5 -4 ---------- Run | Yrd Mat Min Exi Min Mat Gar Fac Low Low Fac Gar Fac Gar Fac Ext Fac Machines Disabled 28 | . . 1 . . 6 1 10 . . 2 2 1 4 . . 1 Max in Single Turn 5 | . . 1 . . 2 1 5 . . 2 1 1 2 . . 1 Garrison Access 2 | . . . . . . . 1 . . . . 1 . . . . Garrison Relay 5 | . . . . . . 1 . . . . 2 . 2 . . . Phase Generator 1 | . . . . . . . . . . . . . 1 . . . Machines Repaired . | . . . . . . . . . . . . . . . . . Machines Dismantled . | . . . . . . . . . . . . . . . . . Machines Sabotaged . | . . . . . . . . . . . . . . . . . Overloaded Fab Kills . | . . . . . . . . . . . . . . . . . Hacking | -11 -10 -10 -10 -9 -8 -8 -7 -7 -7 -6 -6 -6 -6 -5 -5 -4 --------- Run | Yrd Mat Min Exi Min Mat Gar Fac Low Low Fac Gar Fac Gar Fac Ext Fac Machines Accessed 61 | . 6 . 3 . 5 1 11 . 1 16 1 6 1 5 1 4 Terminals 35 | . 6 . . . 3 1 7 . . 5 1 3 1 4 1 3 Fabricators 6 | . . . . . . . 2 . . 3 . . . . . 1 Repair Stations 1 | . . . . . . . . . . . . . . 1 . . Recycling Units 4 | . . . . . . . . . . 4 . . . . . . Scanalyzers 6 | . . . . . 1 . 1 . . 3 . 1 . . . . Garrison Access 5 | . . . . . 1 . 1 . . 1 . 2 . . . . Total Hacks 183 | . 22 . 3 . 17 3 32 . 1 40 1 37 1 17 1 8 Successful 105 | . 13 . 3 . 9 1 15 . 1 20 . 28 . 10 1 4 Failed 77 | . 9 . . . 7 2 17 . . 20 1 9 1 7 . 4 Catastrophic 16 | . . . . . 3 . 5 . . 5 . 2 1 . . . Database Lockouts 1 | . . . . . 1 . . . . . . . . . . . Manual 82 | . 21 . 1 . 8 3 14 . . 6 . 8 1 13 . 7 Terminals 99 | . 22 . . . 12 3 20 . . 10 1 8 1 15 1 6 Fabricators 14 | . . . . . . . 7 . . 5 . . . . . 2 Repair Stations 2 | . . . . . . . . . . . . . . 2 . . Recycling Units 11 | . . . . . . . . . . 11 . . . . . . Scanalyzers 42 | . . . . . 2 . 3 . . 12 . 25 . . . . Garrison Access 11 | . . . . . 3 . 2 . . 2 . 4 . . . . Terminal Hacks 27 | . 6 . 3 . 4 . 5 . 1 4 . . . 3 1 . Record 4 | . . . 2 . . . 1 . . . . . . 1 . . Part Schematic 1 | . . . . . . . . . . . . . . 1 . . Robot Schematic 1 | . . . . . . . 1 . . . . . . . . . Robot Analysis 1 | . 1 . . . . . . . . . . . . . . . Prototype ID Bank 2 | . 1 . . . . . . . . 1 . . . . . . Open Door 2 | . . . . . . . . . 1 . . . . . 1 . Branch Access Points 2 | . 1 . . . 1 . . . . . . . . . . . Terminal Index 4 | . 1 . . . 1 . 1 . . . . . . 1 . . Scanalyzer Index 1 | . . . . . . . 1 . . . . . . . . . Alert Level 1 | . . . . . 1 . . . . . . . . . . . Unreport Threat 1 | . . . . . . . . . . 1 . . . . . . Locate Traps 3 | . 1 . . . . . 1 . . 1 . . . . . . Hauler Manifests 1 | . 1 . . . . . . . . . . . . . . . Zone Layout 2 | . . . . . 1 . . . . 1 . . . . . . Proto ID Catalog 1 | . . . 1 . . . . . . . . . . . . . Fabricator Hacks 7 | . . . . . . . 3 . . 2 . . . . . 2 Load Schematic 3 | . . . . . . . 2 . . . . . . . . 1 Build 4 | . . . . . . . 1 . . 2 . . . . . 1 Repair Station Hacks 2 | . . . . . . . . . . . . . . 2 . . Scan Component 1 | . . . . . . . . . . . . . . 1 . . Repair 1 | . . . . . . . . . . . . . . 1 . . Recycling Unit Hacks 5 | . . . . . . . . . . 5 . . . . . . Process 2 | . . . . . . . . . . 2 . . . . . . Report Inventory 1 | . . . . . . . . . . 1 . . . . . . Retrieve Components 2 | . . . . . . . . . . 2 . . . . . . Scanalyzer 34 | . . . . . 1 . 2 . . 7 . 24 . . . . Insert Component 8 | . . . . . . . . . . . . 8 . . . . Analyze 10 | . . . . . . . . . . . . 10 . . . . Retrieve Study 16 | . . . . . 1 . 2 . . 7 . 6 . . . . Garrison Access Hacks 5 | . . . . . 1 . 1 . . 1 . 2 . . . . Unlock Access 3 | . . . . . 1 . . . . 1 . 1 . . . . Seal Access 2 | . . . . . . . 1 . . . . 1 . . . . Unauthorized Hacks 25 | . 7 . . . 3 1 4 . . 1 . 2 . 5 . 2 Terminals 25 | . 7 . . . 3 1 4 . . 1 . 2 . 5 . 2 Track 1 | . 1 . . . . . . . . . . . . . . . Assimilate 2 | . . . . . . . . . . . . . . 2 . . Botnet 21 | . 6 . . . 3 1 4 . . 1 . 2 . 2 . 2 Operators 1 | . . . . . . . . . . . . . . 1 . . Fabricators . | . . . . . . . . . . . . . . . . . Repair Stations . | . . . . . . . . . . . . . . . . . Recycling Units . | . . . . . . . . . . . . . . . . . Scanalyzers . | . . . . . . . . . . . . . . . . . Garrison Access . | . . . . . . . . . . . . . . . . . Data Cores Recovered . | . . . . . . . . . . . . . . . . . Used . | . . . . . . . . . . . . . . . . . Hacking Detections 50 | . 6 . . . 5 1 10 . . 13 1 4 1 5 . 4 Full Trace Events 12 | . . . . . 1 . 3 . . 5 . 1 . . . 2 Feedback Events . | . . . . . . . . . . . . . . . . . Feedback Blocked . | . . . . . . . . . . . . . . . . . Robot Schematics Acquired 1 | . . . . . . . 1 . . . . . . . . . Robots Built 4 | . . . . . . . 3 . . 1 . . . . . . Authchips 1 | . . . . . . . 1 . . . . . . . . . Time 117 | . . . . . . . 67 . . 50 . . . . . . Total Robot Build Rating 17 | . . . . . . . 12 . . 5 . . . . . . Part Schematics Acquired 7 | . . . . . . . . . . . . 6 . 1 . . Parts Built 2 | . . . . . . . . . . 2 . . . . . . Authchips . | . . . . . . . . . . . . . . . . . Time 164 | . . . . . . . . . . 58 . . . . . 106 Total Part Build Rating 14 | . . . . . . . . . . 14 . . . . . . Part Studies Acquired 16 | . . . . . 1 . 2 . . 7 . 6 . . . . Parts Repaired 1 | . . . . . . . . . . . . . . 1 . . Time 22 | . . . . . . . . . . . . . . 22 . . Parts Recycled . | . . . . . . . . . . . . . . . . . Recycled Matter 113 | . . . . . . . . . . 113 . . . . . . Retrieved Matter . | . . . . . . . . . . . . . . . . . Retrieved Components 6 | . . . . . . . . . . 6 . . . . . . Parts Scanalyzed 6 | . . . . . . . . . . . . 6 . . . . Part Schematics Acquired 6 | . . . . . . . . . . . . 6 . . . . Parts Damaged 1 | . . . . . . . . . . . . 1 . . . . Bothacking | -11 -10 -10 -10 -9 -8 -8 -7 -7 -7 -6 -6 -6 -6 -5 -5 -4 ------------ Run | Yrd Mat Min Exi Min Mat Gar Fac Low Low Fac Gar Fac Gar Fac Ext Fac Used RIF Installer 3 | . . . . . . 1 . . . . 1 . 1 . . . Zone Cloak 1 | . . . . . . . . . . . 1 . . . . . Program Shield 1 | . . . . . . . . . . . . . 1 . . . Robots Hacked 24 | . . . . . . . 1 . . . 7 8 6 1 1 . Non-combat 5 | . . . . . . . 1 . . . . 2 . 1 1 . Combat 19 | . . . . . . . . . . . 7 6 6 . . . Robot Hacks Applied 28 | . . . . . . . 2 . . . 7 11 6 1 1 . parse_system 6 | . . . . . . . 1 . . . 1 3 . 1 . . no_distress 1 | . . . . . . . . . . . . 1 . . . . find_chute 1 | . . . . . . . 1 . . . . . . . . . find_recycling 1 | . . . . . . . . . . . . 1 . . . . ignore_parts 1 | . . . . . . . . . . . . 1 . . . . find_shortcuts 1 | . . . . . . . . . . . . 1 . . . . scatter_targeting 1 | . . . . . . . . . . . 1 . . . . . spike_heat 1 | . . . . . . . . . . . 1 . . . . . overload_power 2 | . . . . . . . . . . . . 1 . . 1 . reboot_system 1 | . . . . . . . . . . . . . 1 . . . overwrite_iff 3 | . . . . . . . . . . . 2 1 . . . . formatsys_high 9 | . . . . . . . . . . . 2 2 5 . . . Relay Couplers Released 25 | . . . . . . 3 . . . . 13 . 9 . . . Machine Destruction 22 | . . . . . . 3 . . . . 10 . 9 . . . Programmers 3 | . . . . . . . . . . . 3 . . . . . Attached 12 | . . . . . . . . . . . 5 . 6 1 . . Fabnet Peak Effective % . | . . . . . . . . . . . . . . . . . Robots Rewired . | . . . . . . . . . . . . . . . . . Allies Hacked . | . . . . . . . . . . . . . . . . . Hacks Repelled . | . . . . . . . . . . . . . . . . . Allies | -11 -10 -10 -10 -9 -8 -8 -7 -7 -7 -6 -6 -6 -6 -5 -5 -4 -------- Run | Yrd Mat Min Exi Min Mat Gar Fac Low Low Fac Gar Fac Gar Fac Ext Fac Total Allies 20 | . . 1 . 2 . . 3 . . 1 4 3 5 1 . . Largest Group 3 | . . 1 . 2 2 . 3 . . 1 2 3 2 2 . . Highest-Rated Group 100 | . . 31 . 44 44 . 90 . . 23 58 100 68 39 . . Highest-Rated Ally 41 | . . 31 . 31 31 . 30 . . 23 41 41 41 29 . . Total Orders 1 | . . . 1 . . . . . . . . . . . . . STAY 1 | . . . 1 . . . . . . . . . . . . . Ally Attacks 128 | . . 8 . . 10 . 30 . . . 15 26 36 3 . . Total Damage 3417 | . . 149 . . 125 . 858 . . . 331 802 1094 58 . . Kills 24 | . . 2 . . . . 9 . . . 2 4 7 . . . Allies Corrupted . | . . . . . . . . . . . . . . . . . Allies Melted 1 | . . . . . . . . . . . 1 . . . . . Turrets Deployed 1 | . . . 1 . . . . . . . . . . . . . Intel | -11 -10 -10 -10 -9 -8 -8 -7 -7 -7 -6 -6 -6 -6 -5 -5 -4 ------- Run | Yrd Mat Min Exi Min Mat Gar Fac Low Low Fac Gar Fac Gar Fac Ext Fac Active Infowar (turns) 1247 | . 1008 239 . . . . . . . . . . . . . . ECM 1247 | . 1008 239 . . . . . . . . . . . . . . Robot Analysis Total 1 | . 1 . . . . . . . . . . . . . . . Derelict Logs Recovered 5 | . . 1 . 1 . . . 2 1 . . . . . . . Drone Launches . | . . . . . . . . . . . . . . . . . Drone Recoveries . | . . . . . . . . . . . . . . . . . Exploration | -11 -10 -10 -10 -9 -8 -8 -7 -7 -7 -6 -6 -6 -6 -5 -5 -4 ------------- Run | Yrd Mat Min Exi Min Mat Gar Fac Low Low Fac Gar Fac Gar Fac Ext Fac Turns Passed 15535 | 115 1116 438 373 226 1027 855 2189 208 390 3486 731 751 1462 1288 407 473 Spaces Moved 8655 | 68 590 285 335 173 438 470 774 213 395 1587 515 584 805 664 311 448 Core 301 | 6 . . . . . . 7 . . . . . . . . 288 Treads 2305 | 62 590 136 . . 366 470 368 . . . . . 313 . . . Legs 4276 | . . . . . . . 4 . . 1577 515 584 492 664 311 129 Wheels 1740 | . . 149 335 173 72 . 393 213 395 10 . . . . . . Hover 31 | . . . . . . . . . . . . . . . . 31 Flight 2 | . . . . . . . 2 . . . . . . . . . Fastest Speed 40 | 50 160 110 110 125 110 152 95 95 95 95 105 105 105 105 105 40 Average Speed 138 | 150 160 133 110 125 153 153 206 95 95 160 105 106 142 138 105 70 Slowest Speed 865 | 160 160 160 110 125 240 156 865 95 95 190 108 175 200 175 190 260 Overloaded Moves . | . . . . . . . . . . . . . . . . . Propulsion Burnouts . | . . . . . . . . . . . . . . . . . Robots Hopped 4 | . . . 4 . . . . . . . . . . . . . Potential Cave-ins 6 | . . 6 . . . . . . . . . . . . . . Cave-ins Triggered . | . . . . . . . . . . . . . . . . . Exploration Rate (%) 39 | 4 84 61 63 44 50 55 23 37 45 31 44 14 68 12 21 7 Regions Visited 16 Branch Regions 6 Pre-discovered Areas 1 | . . . . . . . . 1 . . . . . . . . Known Exits Taken 5 | . 1 . . . 1 . . 1 . 1 . 1 . . . . Unknown Exits Taken 8 | 1 . 1 1 1 . . 1 . 1 . . . . 1 1 . Scrap Searched 3 | . . . . 1 . . . 1 1 . . . . . . . Spaces Dug 13 | . . . . . . . . . . 9 3 . . . . 1 Terrain Destroyed 714 | . . 64 . 22 168 27 29 19 78 149 49 . 63 41 . 5 Melee 12 | . . . . . . . . . . 9 3 . . . . . Projectile 11 | . . . . . . . . . . . . . . 6 . 5 AOE 691 | . . 64 . 22 168 27 29 19 78 140 46 . 63 35 . . Terrain Rammed . | . . . . . . . . . . . . . . . . . Walls Destroyed . | . . . . . . . . . . . . . . . . . Machines Disabled . | . . . . . . . . . . . . . . . . . Actions | -11 -10 -10 -10 -9 -8 -8 -7 -7 -7 -6 -6 -6 -6 -5 -5 -4 --------- Run | Yrd Mat Min Exi Min Mat Gar Fac Low Low Fac Gar Fac Gar Fac Ext Fac Total 11291 | 81 679 320 335 183 695 556 1208 217 404 2373 632 680 1001 943 389 595 Wait 1461 | . 11 1 2 5 116 19 279 . . 591 22 35 23 193 74 90 Move 8628 | 67 589 284 326 172 437 468 773 212 394 1586 513 583 803 663 310 448 Hop 4 | . . . 4 . . . . . . . . . . . . . Pick Up 175 | 8 20 4 3 2 22 8 20 2 1 28 10 5 28 10 . 4 Fast Attach 74 | . 1 . . . 4 . 22 . . 11 10 7 14 1 . 4 Attach 140 | 6 3 9 . 3 20 10 12 2 1 16 5 3 22 18 1 9 Detach 40 | . 2 2 . 1 5 1 1 . . 2 3 3 10 2 . 8 Swap 45 | . 3 2 . . 5 1 6 . . 5 10 7 6 . . . Drop 106 | . 7 1 . . 10 1 19 . 1 21 9 5 22 4 1 5 Fire 523 | . 43 17 . . 75 45 68 1 6 77 32 30 73 44 3 9 Melee 57 | . . . . . . . 6 . . 33 18 . . . . . Ram 13 | . . . . . . . 2 . . . . . . . . 11 Kick 13 | . . . . . . . . . . 3 . . . 3 . 7 Crush 1 | . . . . . 1 . . . . . . . . . . . Escape Stasis 5 | . . . . . . . . . . . . . . 5 . . Rewire 6 | . . . . . . 3 . . 1 . . 2 . . . . Trap . | . . . . . . . . . . . . . . . . . Miscellaneous . | . . . . . . . . . . . . . . . . . Route ------- -11/Scrapyard -10/Materials (discovered 4 exits: [*Mat x3] / *Min) -10/Mines -10/Exiles (discovered 2 exits: [*Min x2]) -9/Mines -8/Materials (discovered 2 exits: Fac / Gar) -8/Garrison (discovered 2 exits: *Fac x2) -7/Factory -7/Lower Caves -7/Lower Caves -6/Factory (discovered 3 exits: *Fac / [*Low] / Gar) -6/Garrison -6/Factory -6/Garrison (discovered 2 exits: *Fac x2) -5/Factory -5/Extension -4/Factory History --------- Turn | Location | Event 2 | -11/Scrapyard | Met Revision 17 12 | -11/Scrapyard | Discovered new exit (range 16) 116 | -11/Scrapyard | Entered Materials 302 | -10/Materials | Build established: Mutant 366 | -10/Materials | Discovered new exit (range 14) 456 | -10/Materials | Identified exit to Mines 526 | -10/Materials | Discovered new exit (range 16) 792 | -10/Materials | Discovered new exit (range 13) 1232 | -10/Materials | Entered Mines 1233 | -10/Mines | Met a Derelict testing a Signal Generator 1315 | -10/Mines | Core integrity fell below 50% 1442 | -10/Mines | Assembled infested the area 1501 | -10/Mines | Destroyed 12 combat bots 1511 | -10/Mines | Lost 6 parts (2n1u3w) 1665 | -10/Mines | Deemed a non-threat by the Exiles lab entrance 1666 | -10/Mines | Discovered new exit (range 5) 1670 | -10/Mines | Entered Exiles 1690 | -10/Exiles | Discovered new exit (range 15) 1716 | -10/Exiles | Met 8R-AWN 1733 | -10/Exiles | Met EX-HEX 1773 | -10/Exiles | Met EX-BIN 1791 | -10/Exiles | Aligned with FarCom system 1792 | -10/Exiles | Given EX-Vault access code 1830 | -10/Exiles | Opened EX-Vault 1838 | -10/Exiles | DAS Turret deployed 1856 | -10/Exiles | Found Latent Energy Streamer 1898 | -10/Exiles | Warned to stay clear of 0b10 Research branches 1933 | -10/Exiles | Met EX-DEC 2027 | -10/Exiles | Discovered new exit (range 14) 2043 | -10/Exiles | Left Exiles lab with Latent Energy Streamer 2043 | -10/Exiles | Entered Mines 2186 | -9/Mines | Received a Rocket Launcher from a helpful Derelict 2222 | -9/Mines | Discovered new exit (range 11) 2232 | -9/Mines | Found a hidden stash of uninstalled traps 2269 | -9/Mines | Entered Materials 2269 | -8/Materials | Accompanied by 2 allies 2269 | -8/Materials | Evolved 4 slots: Propulsion x2, Utility x2 2270 | -8/Materials | Identified exit to Factory 2274 | -8/Materials | Led the pair of lost Derelicts to an unsafe place 2352 | -8/Materials | System corruption reached 10% 2525 | -8/Materials | Destroyed 8 combat bots 2531 | -8/Materials | Lost 5 parts (3n1u1w) 2616 | -8/Materials | Lost 4 parts (2p2n) 2737 | -8/Materials | Central database locked down 3294 | -8/Materials | Identified exit to Garrison 3296 | -8/Materials | Entered Garrison 3430 | -8/Garrison | Triggered checkpoint 3487 | -8/Garrison | Triggered checkpoint 3489 | -8/Garrison | Triggered checkpoint 3555 | -8/Garrison | Destroyed 12 combat bots 3557 | -8/Garrison | Lost 3 parts (1p1n1u) 3702 | -8/Garrison | Discovered exit to Factory (range 9) 3760 | -8/Garrison | Triggered checkpoint 3763 | -8/Garrison | Core integrity fell below 50% 3788 | -8/Garrison | Build established: Scavenger-Mutant 3808 | -8/Garrison | Lost 4 parts (1n1u2w) 4011 | -8/Garrison | Discovered exit to Factory (range 14) 4046 | -8/Garrison | Installed Relay Interface Framework 4151 | -8/Garrison | Entered Factory 4151 | -7/Factory | Evolved 2 slots: Power x1, Utility x1 4482 | -7/Factory | Garrison activated, responded to threat 4535 | -7/Factory | Lost 3 parts (1p1n1u) 4638 | -7/Factory | Lost 5 parts (3n1u1w) 6017 | -7/Factory | Discovered new exit (range 14) 6231 | -7/Factory | Fabricated L-41 Fighter? 6243 | -7/Factory | Lost 8 parts (1p4n1u2w) 6248 | -7/Factory | Core integrity fell below 50% 6340 | -7/Factory | Entered Lower Caves 6480 | -7/Lower Caves | Identified exit to Lower Caves 6548 | -7/Lower Caves | Entered another Lower Caves area 6634 | -7/Lower Caves | Learned Factory machine intel 6917 | -7/Lower Caves | Discovered new exit (range 9) 6923 | -7/Lower Caves | Core integrity fell below 20% 6938 | -7/Lower Caves | Entered Factory 6938 | -6/Factory | Evolved 2 slots: Utility x2 6939 | -6/Factory | Loaded intel: 269 machine locations 7018 | -6/Factory | Fabricated M-22 Extractor (x1) 7234 | -6/Factory | Build established: Mutant 8315 | -6/Factory | Build established: Scavenger-Mutant 8996 | -6/Factory | Garrison activated, responded to threat 9032 | -6/Factory | Build established: Scientist-Mutant 9075 | -6/Factory | Lost 6 parts (1p2n2u1w) 9151 | -6/Factory | Fabricated Imp. Force Booster? 9200 | -6/Factory | Discovered new exit (range 5) 9343 | -6/Factory | Build established: Scavenger-Mutant 9636 | -6/Factory | Discovered new exit (range 16) 9881 | -6/Factory | Garrison activated, responded to threat 10108 | -6/Factory | Garrison activated, responded to threat 10371 | -6/Factory | Spotted B-75 Beast 10423 | -6/Factory | Identified exit to Garrison 10424 | -6/Factory | Entered Garrison 10468 | -6/Garrison | Expanded RIF knowledge: Zone Cloak 10522 | -6/Garrison | Triggered checkpoint 10622 | -6/Garrison | Lost 8 parts (2p2n3u1w) 10653 | -6/Garrison | Garrison Relay disabled 10654 | -6/Garrison | Triggered checkpoint 10752 | -6/Garrison | Triggered checkpoint 10808 | -6/Garrison | Triggered checkpoint 10841 | -6/Garrison | Garrison Relay disabled 10896 | -6/Garrison | Spotted B-75 Beast 10924 | -6/Garrison | Core integrity fell below 50% 10966 | -6/Garrison | Destroyed B-75 Beast 10972 | -6/Garrison | Build established: Bothacker-Mutant 11124 | -6/Garrison | Triggered checkpoint 11135 | -6/Garrison | Discovered new exit (range 11) 11155 | -6/Garrison | Entered Factory 11155 | -6/Factory | Accompanied by 1 ally 11282 | -6/Factory | Garrison activated, responded to threat 11904 | -6/Factory | Identified exit to Garrison 11906 | -6/Factory | Entered Garrison 11906 | -6/Garrison | Accompanied by 2 allies 12027 | -6/Garrison | Build established: Scavenger-Mutant 12290 | -6/Garrison | Spotted B-75 Beast 12323 | -6/Garrison | Allies destroyed B-75 Beast 12332 | -6/Garrison | Triggered checkpoint 12340 | -6/Garrison | Triggered checkpoint 12584 | -6/Garrison | Triggered checkpoint 12624 | -6/Garrison | Garrison Relay disabled 12706 | -6/Garrison | Triggered checkpoint 12706 | -6/Garrison | Discovered new exit (range 15) 12745 | -6/Garrison | Core integrity fell below 20% 12932 | -6/Garrison | Triggered checkpoint 12953 | -6/Garrison | System corruption reached 10% 12986 | -6/Garrison | Lost 6 parts (1p1n3u1w) 13130 | -6/Garrison | Triggered checkpoint 13153 | -6/Garrison | Garrison Relay disabled 13186 | -6/Garrison | Expanded RIF knowledge: Program Shield 13288 | -6/Garrison | Discovered new exit (range 13) 13339 | -6/Garrison | Phase Generator disabled 13368 | -6/Garrison | Entered Factory 13368 | -5/Factory | Accompanied by 1 ally 13368 | -5/Factory | Evolved 2 slots: Propulsion x1, Weapon x1 13544 | -5/Factory | Watched by a mysterious "MATRIX" hacker 13682 | -5/Factory | Build established: Scavenger-Tank 14098 | -5/Factory | Repaired Rnf. Deuterium Engine+ 14283 | -5/Factory | Lost 13 parts (1p3n4u5w) 14396 | -5/Factory | Build established: Scavenger-Mutant 14526 | -5/Factory | Discovered new exit (range 16) 14656 | -5/Factory | Entered Extension 15039 | -5/Extension | Spotted B-75 Beast 15048 | -5/Extension | Spotted B-75 Beast 15061 | -5/Extension | Discovered new exit (range 3) 15063 | -5/Extension | Entered Factory 15063 | -4/Factory | Evolved 2 slots: Propulsion x1, Utility x1 15094 | -4/Factory | Lost 7 parts (1p5n1u) 15504 | -4/Factory | Core integrity fell below 50% 15525 | -4/Factory | Core integrity fell below 20% 15536 | -4/Factory | Destroyed by H-77 Assassin with High-powered Shotgun Last Messages --------------- Kicked C-35 Carver. T52,TEKJ=WU>BDZU3YP7:8 I3 Kicked C-35 Carver. Kicked C-35 Carver out of the way. Kicked C-35 Carver. Kicked C-35 Carver out of the way. Myomer Leg severed. Hacking Suite destroyed. Slammed into G-73 Enforcer. G-73 Enforcer knocked back. Slammed into G-73 Enforcer. Slammed into G-67 Veteran. Destabilizing: Core damaged (-57). K-01 Serf cleans the Power Conduit. Slammed into G-67 Veteran. Destabilizing: System corrupted (+2). Slammed into G-67 Veteran. K-01 Serf cleans the Power Conduit. Slammed into M-28 Smith. Penetrated by Slug. Map ----- +----------------------------------------------------+ | ?????????????????????????????????????????????????? | | ?????????????????????????????????????????????????? | | ?????????????????????????????????????????????????? | | ?????????????????????????????########????????????? | | ?????????????????????????????# #????????????? | | ?????????????????????????????# #????????????? | | ???????????????????????####### #????????????? | | ??????????????????????? ] # #????????????? | | ??????????????????????? # #????????????? | | ????????????????????# "" # #????????????? | | ????????????????????# "" # #????????????? | | ????????????????????# """ # #????????????? | | ????????????????????# """ # #????????????? | | ??????###########???# """ # #????????????? | | ??????# #???# = # " F" #????????????? | | ??????# = #???# # """" #????????????? | | ??????# #???#####+#### #????????????? | | ??????# #???# # ##+####### ?????? | | ??????####+############ ????? | | ?????????# g g % h H ????? | | ?????????# ##### ######g!!% = ????? | | ?????????# #???# #????# g ########## ?????? | | ?????????# #???# #????###h###???????????? ?????? | | ?????????# #???# #??????# #??????????????????????? | | ???????### #####g########/#??????????????????????? | | ???????# # g ccc @#??????????????????????? | | ???????# # """"""""" #??????????????????????? | | ???????# # k m #??????????????????????? | | ???????# # """"""""" #??????????????????????? | | +#?????# # #??????????????????????? | | #?????# # """"""""" #??????????????????????? | | #?????# # #??????????????????????? | | #?????# # """"""""" #??????????????????????? | | #?????# # #??????????????????????? | | ####### # "T" #??????????????????????? | | + """ #??????????????????????? | | ###### # #??????????????????????? | | #????# ######+#######??????????????????????? | | ###????# # [ #?????????????????????????? | | ???????# # #?????????????????????????? | | ???????# # #?????????????????????????? | | ???????# # """" #?????????????????????????? | | ???????# + """" #?????????????????????????? | | ???????# # """" #?????????????????????????? | | ???????# # """" #?????????????????????????? | | #####??# # #?????????????????????????? | | ###########?????????????????????????? | | ^ #???????????????????????????????????? | | #???????????????????????????????????? | | +???????????????????????????????????? | +----------------------------------------------------+ Best States ------------- Heat Dissipation 73 Energy Generation 32 Energy Capacity 500 Matter Stores 300 Matter Capacity 300 Sight Range 16 Terrain Scan Density 10 ECM Strength 1 Armor Coverage 375 Resistance: TH 20 Core Shielding 20 Utility Shielding 66 Weapon Shielding 66 Evasion (%) 57 Targeting Accuracy 16 Recoil Reduction 4 Offensive Hacking 20 Defensive Hacking 10 Relay Coupler Types 3 Relay Coupler Value 58 Authchip Count 2 Item Schematics ----------------- Imp. Utility Shielding | -6/Factory | Scanalyzed Hvy. Laser | -6/Factory | Scanalyzed System Restoration Module | -6/Factory | Scanalyzed Imp. Medium Treads | -6/Factory | Scanalyzed Hrd. Light Armor Plating | -6/Factory | Scanalyzed Hvy. Rocket Launcher | -6/Factory | Scanalyzed Adv. System Shield | -5/Factory | Hacked Robot Schematics ------------------ L-41 Fighter | -7/Factory | Hacked Fabricated ------------ L-41 Fighter | x3 | -7/Factory | Authchip M-22 Extractor | x1 | -6/Factory | Preloaded Imp. Force Booster | x2 | -6/Factory | Preloaded Repaired ---------- Rnf. Deuterium Engine | 7% | -5/Factory Studied --------- Ion Engine | -8/Materials | Hacked Gatling Laser | -7/Factory | Hacked Hvy. Rocket Launcher | -7/Factory | Hacked Great Axe | -6/Factory | Hacked Imp. Deuterium Engine | -6/Factory | Hacked Mic. Nuclear Core | -6/Factory | Hacked Carbon-fiber Leg | -6/Factory | Hacked Arm. Leg | -6/Factory | Hacked Wheel | -6/Factory | Hacked Hvy. Flak Cannon | -6/Factory | Hacked Lgt. Angular Momentum Engine | -6/Factory | Hacked Remote Datajack | -6/Factory | Hacked Hvy. Laser | -6/Factory | Hacked Lgt. Fission Core | -6/Factory | Hacked Rnf. Deuterium Engine | -6/Factory | Hacked Imp. Medium Treads | -6/Factory | Hacked Alien Tech Used ----------------- None Achievements -------------- Analysis Probe Assimilation Complete Blue Mage Error 47 Factory Defaults Hack The Planet Infiltrator Join The Dark Side Mindtrick Official Business Versatile You Will Be Upgraded Challenges ------------ None Game ------ Seed SkeletonTerrainBallwheel Manual? 0 Play Time 02:38:52 Cumulative 20.6 hours Start 2026.06.26 @ 13:58:03 End 2026.06.26 @ 16:50:27 Sessions 2 Manual Loads 0 Difficulty Rogue Special Mode None Game No. 16 Rogue 15 Adventurer 1 Explorer 0 Win Type - Total 0 Types 0/0/0/0/0/0/0/0/0/0 Lore% 17 Gallery% 28 Achievement% 27 Wizard Run 0 Options --------- Layout 1 ASCII 0 Keyboard 0 Movement Numpad Keybinds 0 Fullscreen 1 Font 32/SmallcapsGlow Map View 50x35 Zoom Use 0% Tactical HUD 0 Map Filters NONE Filters NONE Steam 1 RUN: 9f7b0c60-3a0b-4069-bae4-4d4db5990c9f